 Dungeon Crawl Stone Soup version 0.31-a0-424-g41b3b0883d (webtiles) character file.

Game seed: 1908056513384773759

41 AdnanSaban the Covered (level 3, -1/24 HPs)
             Began as a Gargoyle Fighter on July 30, 2023.
             Slain by an ice beast (6 damage)
             ... on level 3 of the Dungeon.
             The game lasted 00:01:16 (618 turns).

AdnanSaban the Covered (Gargoyle Fighter)            Turns: 618, Time: 00:01:18

Health: -1/24      AC: 12    Str: 21    XL:     3   Next: 52%
Magic:  3/3        EV:  5    Int:  8    God:
Gold:   79         SH: 16    Dex:  9    Spells: 2/2 levels left

rFire   . . .        a - +0 flail
rCold   . . .        q - +0 tower shield
rNeg    + . .        o - +0 chain mail
rPois   ∞            (no helmet)
rElec   +            (no cloak)
rCorr   .            (no gloves)
SInv    .            (no boots)
Will    +....        i - amulet of reflection Stlth
                     g - ring of willpower
HPRegen 0.24/turn    (no ring)
MPRegen 0.08/turn

%: reflection
@: no status effects
A: sickness immunity, AC +3, negative energy resistance 1, electricity
resistance, torment resistance 1, petrification resistance
a: no special abilities


You were on level 3 of the Dungeon.
You visited 1 branch of the dungeon, and saw 3 of its levels.

You collected 79 gold pieces.

Inventory:

Hand Weapons
 a - a +0 flail (weapon)
Missiles
 b - 14 stones (quivered)
 f - 5 atropa-tipped darts
 n - 4 poisoned darts
Armour
 o - a +0 chain mail (worn)
 q - a +0 tower shield (worn)
Jewellery
 g - a ring of willpower (left hand)
 i - an amulet of reflection (around neck)
Scrolls
 c - a scroll of fog {unknown}
 h - 2 scrolls of poison {unknown}
 l - a scroll of identify {unknown}
 m - a scroll of immolation {unknown}
Potions
 d - a potion of might
 e - a potion of berserk rage {unknown}
 j - a potion of mutation {unknown}
 k - a potion of curing {unknown}
 p - a potion of degeneration {unknown}


   Skills:
 + Level 3.7 Fighting
 + Level 2.4 Maces & Flails
 + Level 3.8 Armour
 + Level 0.4 Dodging
 + Level 3.6 Shields


You had 2 spell levels left.
You didn't know any spells.
Your spell library contained the following spells:

 Spells                   Type           Power      Damage    Failure   Level
 Blink                    Tloc           0%         N/A       100%        2
 Lesser Beckoning         Tloc           0%         N/A       100%        2
 Momentum Strike          Conj/Tloc      0%         3d8       100%        2
 Manifold Assault         Tloc           0%         N/A       100%        4


Dungeon Overview and Level Annotations

Branches:
Dungeon (3/15)

Altars:


Innate Abilities, Weirdness & Mutations

You are immune to sickness and miasma.
Your stone body is resilient. (AC +3)
You are immune to poison.
You resist negative energy. (rN+)
You are resistant to electric shocks. (rElec)
You are resistant to unholy torment.
You are immune to petrification.


Message History

A sourceless malevolence fills the Dungeon...
You fall into a shaft and drop 1 floor!
The shaft crumbles and collapses.
Found a stone staircase leading down.
A bat comes into view.
The bat moves out of view.
A bat and an ice beast come into view.
You closely miss the bat. You block the bat's attack.
You sock the ice beast!
The ice beast is moderately wounded.
You block the ice beast's attack.
The ice beast hits you but does no damage.
You hit the ice beast but do no damage.
The ice beast is moderately wounded.
The ice beast hits you. The ice beast freezes you!
You are too injured to fight recklessly!
You are too injured to fight recklessly!
You are too injured to fight recklessly!
You are too injured to fight recklessly!
You are too injured to fight recklessly!
You are too injured to fight recklessly!
The ice beast attacks as you move away!
The ice beast hits you but does no damage.
You block the bat's attack. The bat attacks as you move away!
You block the bat's attack. x3
You block the bat's attack. You block the bat's attack.
You block the bat's attack. The bat hits you but does no damage.
You block the bat's attack. The ice beast attacks as you move away!
The ice beast hits you. The ice beast freezes you.
The bat attacks as you move away! You block the bat's attack.
The bat hits you but does no damage.
You hit the ice beast.
The ice beast is moderately wounded.
The bat completely misses you. You block the ice beast's attack.
The ice beast hits you.
* * * LOW HITPOINT WARNING * * *
The ice beast freezes you.
You die...

#######
##......#
##........#
#..........
#...........
#..........#
#@.........#
#Y.b.......#
##........#
##........## ##.
#..........# #..
#..........# #.#
#..........# #.#
#..........# #.#
#..........###.#


You could see an ice beast and a bat.

Vanquished Creatures
  An adder (D:2)
  A dart slug (D:1)
  A bat (D:1)
  3 endoplasms (D:1)
  A giant cockroach (D:1)
  4 goblins (D:1)
  2 hobgoblins (D:1)
  3 quokkas
  4 ball pythons (D:1)
  A frilled lizard (D:1)
  2 kobolds (D:1)
  3 rats (D:1)
26 creatures vanquished.

Notes
Turn   | Place    | Note
-------+----------+-------------------------------------------
     0 | D:1      | AdnanSaban the Gargoyle Fighter began the quest for the
                  | Orb.
     0 | D:1      | Reached XP level 1. HP: 14/14 MP: 1/1
    81 | D:1      | Reached XP level 2. HP: 16/19 MP: 2/2
   185 | D:1      | Found a faded altar of an unknown god.
   286 | D:1      | Reached XP level 3. HP: 24/24 MP: 3/3
   590 | D:2      | You fall into a shaft and drop 1 floor!
   598 | D:3      | Noticed an ice beast
   618 | D:3      | Slain by an ice beast

Illustrated notes

Levels and vault maps discovered:
D:1:      wheals_arrival_shading, layout_rooms,
          hellmonk_ecumenical_altar_pennies_from_heaven, minmay_tetromino_i4
D:2:      layout_rooms
D:3:      layout_rooms, ashenzari_altar_1

Action                     || total
---------------------------++-------
  Melee: Flail             ||    93
 Armour: Scale mail        ||    47
         Chain mail        ||    13
  Dodge: Dodged            ||    52
  Block: Buckler           ||    24
         Tower shield      ||    30

Table legend: (Time is in decaauts)
 A = Elapsed time spent in this place.
 B = Non-inter-level travel time spent in this place.
 C = Inter-level travel time spent in this place.
 D = Time resting spent in this place.
 E = Time spent auto-exploring this place.
 F = Levels seen in this place.
 G = Mean time per level.
                   A        B        C        D        E       F      G
               +--------+--------+--------+--------+--------+-----+--------+
         Total |    653 |    623 |     30 |      0 |    357 |   3 |  217.7 |
       Dungeon |    653 |    623 |     30 |      0 |    357 |   3 |  217.7 |
               +--------+--------+--------+--------+--------+-----+--------+

Top non-repeatable levels by time:
     D:1: 556 daAuts
     D:2: 68 daAuts
     D:3: 29 daAuts
